 Dungeon Crawl Stone Soup version 0.31-a0-1540-g5a0b83f448 (webtiles) character file.

Game seed: 1217919144059125648

319 wildpjah the Sneak (level 6, 0/34 HPs)
             Began as a Kobold Enchanter on Jan 2, 2024.
             Was a Follower of Uskayaw.
             Slain by Natasha (3 damage)
             ... on level 3 of the Dungeon.
             The game lasted 00:05:10 (2588 turns).

wildpjah the Sneak (Kobold Enchanter)               Turns: 2588, Time: 00:05:11

Health: 0/34       AC:  4    Str:  5    XL:     6   Next: 75%
Magic:  7/9        EV: 14    Int: 17    God:    Uskayaw [*.....]
Gold:   99         SH:  0    Dex: 17    Spells: 7/9 levels left

rFire   . . .        a - +1 dagger
rCold   + . .        (no shield)
rNeg    . . .        j - +0 leather armour {rC+}
rPois   .            (no helmet)
rElec   .            (no cloak)
rCorr   .            e - +0 pair of gloves
SInv    .            (no boots)
Will    .....        (no amulet)
Stlth   ++++         (no ring)
HPRegen 0.25/turn    (no ring)
MPRegen 0.11/turn

%: no passive effects
@: invisible
A: small, no large weapons, nightstalker 3
a: Renounce Religion, Stomp


You were on level 3 of the Dungeon.
You worshipped Uskayaw.
Uskayaw was noncommittal.
You visited 1 branch of the dungeon, and saw 3 of its levels.

You collected 99 gold pieces.

Inventory:

Hand Weapons
 a - a +1 dagger (weapon)
Armour
 b - a +0 robe
 e - a +0 pair of gloves (worn)
 j - a +0 leather armour of cold resistance (worn)
Jewellery
 d - a ring of protection from fire
 l - a ring of magical power
 o - a ring of flight
Scrolls
 f - 2 scrolls of identify {unknown}
 h - a scroll of fog {unknown}
 k - 2 scrolls of teleportation {unknown}
 m - a scroll of fear {unknown}
 p - a scroll of vulnerability {unknown}
 q - a scroll of silence {unknown}
 r - a scroll of immolation
Potions
 c - a potion of invisibility
 g - 2 potions of heal wounds {unknown}
 i - a potion of lignification {unknown}
 n - a potion of magic {unknown}


   Skills:
 + Level 1.0 Fighting
 + Level 4.3 Short Blades
 + Level 1.1 Armour
 + Level 3.4 Dodging
 + Level 6.8 Stealth
 + Level 2.4 Spellcasting
 + Level 3.5 Hexes
 + Level 0.4 Ice Magic


You had 7 spell levels left.
You knew the following spells:

 Your Spells              Type           Power      Damage    Failure   Level
a - Ensorcelled Hibernat  Hex/Ice        16%        N/A       21%         2

Your spell library contained the following spells:

 Spells                   Type           Power      Damage    Failure   Level
 Confusing Touch          Hex            14%        N/A       22%         3
 Tukima's Dance           Hex            14%        N/A       22%         3
 Lesser Beckoning         Tloc           4%         N/A       41%         2
 Dazzling Flash           Conj/Hex       16%        N/A       41%         3
 Ozocubu's Armour         Ice            3%         N/A       58%         3
 Fugue of the Fallen      Necr           2%         N/A       65%         3
 Gell's Gravitas          Tloc           2%         N/A       65%         3
 Teleport Other           Tloc           2%         N/A       65%         3
 Manifold Assault         Tloc           2%         N/A       96%         4


Dungeon Overview and Level Annotations

Branches:
Dungeon (3/15)

Altars:
Uskayaw

Shops:
D:2 (

Annotations:
D:3 Natasha


Innate Abilities, Weirdness & Mutations

You are small and have problems with some larger weapons.
You are completely attuned to the shadows.


Message History

Grinder gestures at you. You resist with significant effort.
You hit Grinder.
Grinder is heavily wounded.
Grinder gestures at you. Pain shoots through your body!
* * * LOW HITPOINT WARNING * * *
You hit Grinder.
Grinder is heavily wounded.
Grinder says, "Tell me all your secrets, or I'll kill you."
Grinder completely misses you.
You can now pass through a line of other dancers.
You completely miss Grinder.
Grinder is heavily wounded.
Grinder closely misses you.
You closely miss Grinder.
Grinder is heavily wounded.
Grinder completely misses you.
You strike the helpless Grinder from behind!
You impale Grinder!!
You kill Grinder!
Your Fighting skill increases to level 1!
Your Short Blades skill gained 2 levels and is now at level 4!
Your Armour skill increases to level 1!
You have reached level 6!
You flicker for a moment.
You flicker back into view.
Natasha, Servant of Life and Death comes into view.
Natasha hisses angrily.
Natasha casts a spell at you. The magic dart hits you.
* * * LOW HITPOINT WARNING * * *
You can no longer pass through a line of other dancers.
You fade into invisibility!
Natasha stares at you and mumbles some strange words.
The magic dart hits you.
* * * LOW HITPOINT WARNING * * *
Natasha claws you.
You die...
Natasha curls up and begins to purr.

.. ... ... .#$# ...
..#...##..#
.........#.#
...#......#.#
#......#....##
#.#...._.......#
#.#...#.##...@.#
##....#.....##h....
#..#............###
#...#....#.#...##
#.......+......#
#..........$...
#....##### ####.#
#.#


You could see Natasha.

Vanquished Creatures
  Grinder (D:3)
  Natasha (D:3)
  Robin (D:2)
  An adder (D:2)
  2 dart slugs (D:1)
  2 ribbon worms
  2 orcs (D:3)
  3 ball pythons (D:1)
  9 endoplasms
  5 giant cockroaches
  6 hobgoblins
  4 kobolds
  A quokka (D:2)
  5 bats
  4 frilled lizards (D:1)
  13 goblins
  6 rats
66 creatures vanquished.

Notes
Turn   | Place    | Note
-------+----------+-------------------------------------------
     0 | D:1      | wildpjah the Kobold Enchanter began the quest for the Orb.
     0 | D:1      | Reached XP level 1. HP: 10/10 MP: 3/3
   120 | D:1      | Reached XP level 2. HP: 15/15 MP: 5/5
   383 | D:1      | Learned a level 2 spell: Ensorcelled Hibernation
   452 | D:1      | Reached XP level 3. HP: 19/19 MP: 6/6
  1098 | D:2      | Reached skill level 5 in Stealth
  1344 | D:2      | Reached XP level 4. HP: 24/24 MP: 4/7
  1558 | D:2      | Noticed Robin
  1567 | D:2      | Killed Robin
  1732 | D:2      | Found Onung's Weapon Shoppe.
  2351 | D:3      | Noticed Natasha
  2363 | D:3      | Killed Natasha
  2364 | D:3      | Reached XP level 5. HP: 7/28 MP: 5/8
  2481 | D:3      | Reached skill level 6 in Stealth
  2543 | D:3      | Found a faded altar of an unknown god.
  2550 | D:3      | Prayed at the altar of an unknown god.
  2550 | D:3      | Became a worshipper of Uskayaw the Reveller
  2550 | D:3      | Reached * piety under Uskayaw
  2552 | D:3      | Noticed Grinder
  2575 | D:3      | Reached ** piety under Uskayaw
  2578 | D:3      | Killed Grinder
  2579 | D:3      | Reached skill level 1 in Fighting
  2579 | D:3      | Reached skill level 1 in Armour
  2579 | D:3      | Reached XP level 6. HP: 9/34 MP: 6/9
  2585 | D:3      | Noticed Natasha
  2588 | D:3      | Slain by Natasha

Illustrated notes

Levels and vault maps discovered:
D:1:      dpeg_arrival_tiny_d, layout_basic, minmay_tiny_reverse_x
D:2:      layout_basic, serial_shops, shop, skrybe_limestone_x,
          minmay_misc_feat_ornament, uniq_robin
D:3:      layout_loops_ring, hellmonk_ecumenical_altar_blasted, uniq_natasha,
          uniq_grinder

Skill      XL: |  1  2  3  4  5 |
---------------+----------------+-----
Stealth        | 5 6 |  6.8
Dodging        | 3 |  3.4
Short Blades   | 2 4 |  4.3
Fighting       | 1 |  1.0
Armour         | 1 |  1.1
Spellcasting   | |  2.4
Hexes          | |  3.5
Ice Magic      | |  0.4

Action                     |  1- 3 |  4- 6 || total
---------------------------+-------+-------++-------
  Melee: Dagger            |    89 |   109 ||   198
         Punch             |       |     1 ||     1
   Cast: Ensorcelled Hiber |     2 |     2 ||     4
 Invoke: Stomp             |       |     1 ||     1
    Use: Potion            |       |     2 ||     2
   Stab: Sleeping          |    24 |     9 ||    33
         Distracted        |     1 |       ||     1
         Invisible         |       |     1 ||     1
 Armour: Robe              |    20 |       ||    20
         Leather armour    |       |    36 ||    36
  Dodge: Dodged            |    47 |    64 ||   111

Table legend: (Time is in decaauts)
 A = Elapsed time spent in this place.
 B = Non-inter-level travel time spent in this place.
 C = Inter-level travel time spent in this place.
 D = Time resting spent in this place.
 E = Time spent auto-exploring this place.
 F = Levels seen in this place.
 G = Mean time per level.
                   A        B        C        D        E       F      G
               +--------+--------+--------+--------+--------+-----+--------+
         Total |   2570 |   2538 |     32 |      0 |   2078 |   3 |  856.7 |
       Dungeon |   2570 |   2538 |     32 |      0 |   2078 |   3 |  856.7 |
               +--------+--------+--------+--------+--------+-----+--------+

Top non-repeatable levels by time:
     D:2: 1212 daAuts
     D:1: 1048 daAuts
     D:3: 310 daAuts
